 Dungeon Crawl Stone Soup version 0.30-b1-2-g02819fbbbe (webtiles) character file.

Game seed: 15928975578085601172

64403 LLlMATKO the Severer (level 14, -9/202 HPs)
             Began as a Minotaur Berserker on June 28, 2023.
             Was a High Priest of Trog.
             Mangled by Rupert
             ... wielding a +0 vampiric executioner's axe
              (23 damage)
             ... on level 12 of the Dungeon.
             The game lasted 00:25:43 (19395 turns).

LLlMATKO the Severer (Minotaur Berserker)          Turns: 19395, Time: 00:25:44

Health: -9/202     AC: 25    Str: 24    XL:     14   Next: 71%
Magic:  13/13      EV: 18    Int: 16    God:    Trog [*****.]
Gold:   1872       SH: 12    Dex:  8    Spells: 13/13 levels left

rFire   + . .        L - +1 war axe (flame)
rCold   + + .        Z - +0 kite shield {rC+}
rNeg    . . .        F - +3 fire dragon scales "Zetumih" {+Inv rF++ rC- rCorr Int+5 Dex-2}
rPois   +            (helmet restricted)
rElec   +            s - +2 cloak
rCorr   +            z - +2 pair of gloves of Hetou {rElec Regen+ Str-3 SInv}
SInv    +            H - +0 pair of boots of Qallao {rC+ Int+4}
Will    +....        (no amulet) Stlth
                     G - ring "Kocwauli" {Ice rPois Int+3}
HPRegen 1.33/turn    l - +5 ring of evasion
MPRegen 0.13/turn

%: no passive effects
@: berserking, very quick
A: horns 2, retaliatory headbutt
a: Renounce Religion, Evoke Invisibility, Berserk, Trog's Hand, Brothers in Arms


You were on level 12 of the Dungeon.
You worshipped Trog.
Trog was extremely pleased with you.
You visited 2 branches of the dungeon, and saw 17 of its levels.
You also visited: Bailey, Gauntlet and Ice Cave.

You collected 1872 gold pieces.

Inventory:

Hand Weapons
 d - the +8 whip "Snakebite" {venom, curare, rPois}
   (You found it on level 3 of the Lair of Beasts)

   rPois:     It protects you from poison.
 r - a +1 war axe of electrocution
 L - a +1 war axe of flaming (weapon)
 N - a +2 heavy war axe
 S - a +1 antimagic broad axe
Missiles
 o - 27 javelins (quivered)
 u - 10 boomerangs
 E - 3 atropa-tipped darts
 M - 30 poisoned darts
 R - 10 curare-tipped darts
 Y - 6 throwing nets
Armour
 s - a +2 cloak (worn)
 t - +0 ice dragon scales
 z - the +2 pair of gloves of Hetou (worn) {rElec Regen+ Str-3 SInv}
   (You found it in a Gauntlet)

   Str:       It affects your strength (-3).
   rElec:     It insulates you from electricity.
   SInv:      It lets you see invisible.
   Regen:     It increases your rate of health regeneration.
 F - the +3 fire dragon scales "Zetumih" (worn) {+Inv rF++ rC- rCorr Int+5 Dex-2}
   (You found it in a Gauntlet)

   Int:       It affects your intelligence (+5).
   Dex:       It affects your dexterity (-2).
   rF:        It greatly protects you from fire.
   rC:        It makes you vulnerable to cold.
   +Inv:      It lets you turn invisible.
   rCorr:     It protects you from acid and corrosion.
 H - the +0 pair of boots of Qallao (worn) {rC+ Int+4}
   (You found it in a Gauntlet)

   Int:       It affects your intelligence (+4).
   rC:        It protects you from cold.
 Z - a +0 kite shield of cold resistance (worn)
Jewellery
 a - a ring of ice
 f - a ring of fire
 h - a ring of positive energy
 l - a +5 ring of evasion (right hand)
 y - a +6 ring of dexterity
 D - a ring of fire
 G - the ring "Kocwauli" (left hand) {Ice rPois Int+3}
   (You found it on level 6 of the Dungeon)

   [ring of ice]

   It enhances your ice magic.
   Int:       It affects your intelligence (+3).
   rF:        It makes you vulnerable to fire.
   rC:        It protects you from cold.
   rPois:     It protects you from poison.
Wands
 v - a wand of mindburst (18)
 w - a wand of polymorph (16)
 A - a wand of roots (23)
 P - a wand of flame (26)
 Q - a wand of charming (4)
Scrolls
 b - 6 scrolls of fog
 c - 4 scrolls of poison
 g - 5 scrolls of identify
 k - 6 scrolls of fear
 n - 2 scrolls of enchant weapon
 q - 13 scrolls of teleportation
 x - a scroll of blinking {unknown}
 B - 5 scrolls of enchant armour
 I - a scroll of noise {unknown}
 X - 3 scrolls of brand weapon
Potions
 e - 17 potions of curing
 i - 3 potions of resistance
 j - 5 potions of heal wounds
 m - 4 potions of might {unknown}
 p - 3 potions of flight
 C - 3 potions of cancellation
 J - a potion of berserk rage {unknown}
 U - 4 potions of ambrosia
 V - 2 potions of haste


   Skills:
 + Level 15.1 Fighting
 + Level 15.2 Axes
 + Level 14.9 Armour
 + Level 13.8 Dodging
 + Level 14.9 Shields


You had 13 spell levels left.
You didn't know any spells.
Your spell library was empty.

Dungeon Overview and Level Annotations

Branches:
Dungeon (12/15)            Temple (0/1) D:6            Lair (5/5) D:9
  Swamp (0/4) Lair:2       Spider (0/4) Lair:3        Slime (0/5) Lair:4
    Orc (0/2) D:11         Bailey (visited)           IceCv (visited)
Gauntlet (visited)

Altars:
Ashenzari
Dithmenos
Elyvilon
Gozag
Hepliaklqana
Kikubaaqudgha
Makhleb
Qazlal
Trog
Wu Jian
Yredelemnul
Jiyva

Shops:
D:2 ?   D:9 :

Annotations:
D:12 Rupert


Innate Abilities, Weirdness & Mutations

You have a pair of horns on your head.
You reflexively headbutt those who attack you in melee.


Message History

Rupert hits you but does no damage.
Unknown command.
You closely miss Rupert. Your headbutt misses Rupert.
Rupert is severely wounded.
You hit the yak. You burn the yak.
Rupert hits you with a +0 vampiric executioner's axe!
* * * LOW HITPOINT WARNING * * *
Rupert draws strength from your wounds!
Unknown command.
You slash Rupert! You burn Rupert.
Rupert is severely wounded.
You slash the yak! You burn the yak.
You kill the yak!
Trog accepts your kill.
Rupert hits you with a +0 vampiric executioner's axe.
* * * LOW HITPOINT WARNING * * *
You hit Rupert. You burn Rupert.
Rupert is severely wounded.
You hit the yak. You burn the yak.
Rupert hits you with a +0 vampiric executioner's axe!!
* * * LOW HITPOINT WARNING * * *
Rupert draws strength from your wounds! You block the yak's attack.
Unknown command.
You slash Rupert! You burn Rupert.
Rupert is severely wounded.
You hit the yak but do no damage. Rupert misses you. You furiously retaliate!
You headbutt Rupert!
Unknown command.
You hit Rupert but do no damage. Your headbutt misses Rupert.
Rupert is almost dead.
You closely miss the yak. The yak barely misses you.
Rupert hits you with a +0 vampiric executioner's axe!
* * * LOW HITPOINT WARNING * * *
Rupert draws strength from your wounds!
Unknown command.
You barely miss Rupert.
Rupert is almost dead.
You slice the yak!! You burn the yak!
Rupert hits you with a +0 vampiric executioner's axe!!
You die...

*,,,,,****#........##
#...,,+,,*#........#
*...,,**,,#........#
*...,,***,+........#
*,.Y,,* **#........#
**#Y*** ######'###
#Y## #...# #Y@#
#######'##
#####@#####*#.........
#.........#,+.........
#.........#.#........)
#.........'.#.........
#.........###......<..
#.........# #.........
###'####### #.........
#.# ####+##### #.#
#...##


You could see Rupert (berserk) and 4 yaks.

Vanquished Creatures
  The ghost of vatarom the Destroyer, a journeyman DrCj of Vehumet (Lair:5)
  A minotaur (Gauntlet)
  2 fire dragons (Lair:5)
  A centaur warrior (D:11)
  An ice dragon (D:12)
  2 hydras
  Erica (Lair:2)
  A swamp dragon (Lair:5)
  A slime creature (D:12)
  A lindwurm (Lair:5)
  3 ugly things
  The ghost of magipi the Frost Mage, a novice GrIE of Vehumet (D:7)
  An oklob plant (Lair:2)
  3 ice statues (IceCv)
  24 elephants
  4 black mambas
  5 torpor snails (Lair:5)
  A gargoyle (D:12)
  12 cane toads
  A kobold demonologist (D:10)
  A minotaur zombie (Gauntlet)
  Maggie (D:10)
  7 rime drakes
  An anaconda simulacrum (IceCv)
  16 komodo dragons
  2 trolls
  2 polar bears
  13 hornets
  5 tyrant leeches
  A spectral dream sheep (Lair:5)
  18 blink frogs
  13 dream sheep
  3 centaur simulacra (Gauntlet)
  A shadow (D:10)
  A culicivora (Lair:3)
  46 yaks
  6 wyverns
  A dire elephant simulacrum (IceCv)
  2 death yak simulacra
  Grum (D:9)
  6 vampire mosquitoes
  A basilisk (Lair:3)
  4 steam dragons (Lair:5)
  3 acid dragons
  3 swamp worms (Gauntlet)
  14 water moccasins
  Duvessa (D:4)
  A swamp drake (Lair:5)
  2 ice beasts (D:5)
  15 orc warriors
  A meliai simulacrum (Gauntlet)
  2 sky beasts
  2 black bears
  An ogre (D:5)
  27 wolves
  10 centaurs
  5 kobold brigands
  12 bullfrogs
  A scorpion (D:5)
  3 cane toad simulacra
  3 gnoll sergeants
  7 wights
  Dowan (D:4)
  17 killer bees
  An elephant simulacrum (IceCv)
  4 electric eels (Lair:2)
  5 quasits (D:7)
  A komodo dragon simulacrum (Lair:5)
  8 hounds
  6 orc priests
  4 jellies
  7 iguanas
  Terence (D:3)
  3 sleepcaps
  Ijyb (D:3)
  Natasha (thrice) (D:3)
  8 orc wizards
  A polar bear simulacrum (IceCv)
  2 howler monkey zombies (D:7)
  17 gnolls
  11 adders
  4 shadow imps
  A white imp (D:6)
  An ufetubus (D:4)
  3 worms
  A dart slug (D:2)
  80 orcs
  12 endoplasms
  2 giant cockroaches
  9 goblins
  10 hobgoblins
  4 quokkas
  8 ball pythons
  3 bats (D:1)
  2 frilled lizards
  22 kobolds
  6 rats
601 creatures vanquished.

Vanquished Creatures (collateral kills)
  A spectral death yak (Lair:5)
  A cane toad simulacrum (Lair:5)
2 creatures vanquished.

Vanquished Creatures (others)
  An orc (Bailey)
  2 demonic plants (Gauntlet)
  9 fungi
  33 plants
45 creatures vanquished.

Grand Total: 648 creatures vanquished

Notes
Turn   | Place    | Note
-------+----------+-------------------------------------------
     0 | D:1      | LLlMATKO the Minotaur Berserker began the quest for the
                  | Orb.
     0 | D:1      | Reached XP level 1. HP: 19/19 MP: 0/0
    55 | D:1      | Found a large runed translucent door.
    55 | D:1      | Found a large runed translucent door.
   223 | D:1      | Reached XP level 2. HP: 27/27 MP: 1/1
   380 | D:1      | Reached XP level 3. HP: 32/33 MP: 2/2
   494 | D:1      | Reached ** piety under Trog
   800 | D:1      | Reached XP level 4. HP: 40/40 MP: 3/3
  1017 | D:2      | Found Yskusat's Magic Scroll Emporium.
  1508 | D:2      | Reached *** piety under Trog
  1614 | D:3      | Reached XP level 5. HP: 47/47 MP: 4/4
  1847 | D:3      | Noticed Natasha
  1854 | D:3      | Killed Natasha
  1855 | D:3      | Reached skill level 5 in Fighting
  1855 | D:3      | Reached skill level 5 in Axes
  1879 | D:3      | Noticed Natasha
  1886 | D:3      | Killed Natasha
  1887 | D:3      | Reached XP level 6. HP: 55/56 MP: 5/5
  1917 | D:3      | Noticed Ijyb
  1923 | D:3      | Killed Ijyb
  2167 | D:3      | Noticed Natasha
  2172 | D:3      | Killed Natasha
  2269 | D:3      | Found a burning altar of Makhleb.
  2269 | D:3      | Noticed Terence
  2276 | D:3      | Killed Terence
  2396 | D:3      | Found a hazy altar of Hepliaklqana.
  2396 | D:3      | Found a bloodstained altar of Trog.
  2580 | D:4      | Found a stormy altar of Qazlal.
  2705 | D:4      | Found an ancient bone altar of Kikubaaqudgha.
  2709 | D:4      | Found an ornate altar of the Wu Jian Council.
  2901 | D:4      | Noticed Duvessa
  2901 | D:4      | Noticed Dowan
  2907 | D:4      | Killed Dowan
  2907 | D:4      | Reached **** piety under Trog
  2908 | D:4      | Reached skill level 5 in Armour
  2908 | D:4      | Reached XP level 7. HP: 57/62 MP: 6/6
  2912 | D:4      | Killed Duvessa
  3197 | D:5      | Entered Level 5 of the Dungeon
  3299 | D:5      | Reached skill level 5 in Dodging
  3447 | D:5      | Reached XP level 8. HP: 71/71 MP: 7/7
  4688 | D:6      | Identified the ring "Kocwauli" {Ice rPois Int+3}
  4725 | D:6      | Found a staircase to the Ecumenical Temple.
  5177 | D:7      | Found a flagged portal.
  5190 | Bailey   | Entered a bailey
  5270 | Bailey   | Reached XP level 9. HP: 51/81 MP: 8/8
  5725 | Bailey   | Reached ***** piety under Trog
  6624 | D:7      | Found a transporter.
  6652 | D:7      | Noticed magipi's ghost (novice GrIE)
  6663 | D:7      | Found a transporter.
  7003 | D:7      | Found a basalt altar of Yredelemnul.
  7283 | D:7      | Killed magipi's ghost
  7284 | D:7      | Reached XP level 10. HP: 91/91 MP: 9/9
  7714 | D:8      | Reached skill level 10 in Axes
  7718 | D:8      | Reached skill level 10 in Fighting
  8184 | D:9      | Reached skill level 10 in Armour
  8300 | D:9      | Found a shadowy altar of Dithmenos.
  8390 | D:9      | Found Tyzxame's Book Boutique.
  8614 | D:9      | Found a staircase to the Lair.
  8705 | D:9      | Reached skill level 1 in Shields
  8716 | D:9      | Noticed Grum
  8723 | D:9      | Received a gift from Trog
  8730 | D:9      | Killed Grum
  8956 | D:10     | Entered Level 10 of the Dungeon
  8960 | D:10     | Reached XP level 11. HP: 101/101 MP: 10/10
  9335 | D:10     | Reached skill level 10 in Dodging
  9481 | D:10     | Noticed Maggie
  9486 | D:10     | Killed Maggie
  9487 | D:10     | Reached skill level 5 in Shields
  9824 | D:10     | Found an opulent altar of Gozag.
 10208 | D:11     | Found a staircase to the Orcish Mines.
 10217 | D:11     | Received a gift from Trog
 10332 | D:11     | Noticed a centaur warrior
 10339 | D:11     | Killed a centaur warrior
 10635 | D:11     | Found an ancient bone altar of Kikubaaqudgha.
 10990 | Lair:1   | Entered Level 1 of the Lair of Beasts
 11441 | Lair:1   | Reached XP level 12. HP: 92/112 MP: 11/11
 12029 | Lair:1   | Identified the +6 ring mail of Cheibriados {rC+}
 12035 | Lair:1   | Noticed an eight-headed hydra
 12040 | Lair:1   | Killed a five-headed hydra
 12166 | Lair:2   | You fall into a shaft and drop 1 floor!
 12429 | Lair:3   | Reached skill level 10 in Shields
 12507 | Lair:2   | Identified the +0 chain mail of Lifelessness {+Blink rC-
                  | Int+2}
 12517 | Lair:2   | Found a staircase to the Swamp.
 12728 | Lair:2   | Found a white marble altar of Elyvilon.
 13153 | Lair:2   | Found a broken altar of Ashenzari.
 13476 | Lair:2   | Noticed Erica
 13491 | Lair:2   | Killed Erica
 13918 | Lair:3   | Found a hole to the Spider Nest.
 14239 | Lair:3   | Found the +8 whip "Snakebite" {venom, curare, rPois}
 14459 | Lair:3   | Reached XP level 13. HP: 122/122 MP: 12/12
 14917 | Lair:4   | Received a gift from Trog
 15238 | Lair:4   | Found a staircase to the Slime Pits.
 15304 | Lair:4   | Found a viscous altar of Jiyva.
 15632 | Lair:5   | Entered Level 5 of the Lair of Beasts
 15850 | Lair:5   | Found a gate leading to a gauntlet.
 15863 | Gauntlet | Entered a Gauntlet
 15863 | Gauntlet | Found a transporter.
 15959 | Gauntlet | Found a transporter.
 15974 | Gauntlet | Found a transporter.
 15979 | Gauntlet | Found a transporter.
 16000 | Gauntlet | Found a transporter.
 16013 | Gauntlet | Found a transporter.
 16025 | Gauntlet | Found a transporter.
 16031 | Gauntlet | Found a transporter.
 16043 | Gauntlet | Found a transporter.
 16058 | Gauntlet | Found a transporter.
 16061 | Gauntlet | Noticed a dire elephant
 16070 | Gauntlet | Found a transporter.
 16087 | Gauntlet | Found a transporter.
 16105 | Gauntlet | Found a transporter.
 16107 | Gauntlet | Found a transporter.
 16109 | Gauntlet | Found a runed translucent gate.
 16109 | Gauntlet | Found a runed translucent gate.
 16109 | Gauntlet | Found a runed translucent gate.
 16112 | Gauntlet | Found a large runed translucent door.
 16112 | Gauntlet | Found a large runed translucent door.
 16112 | Gauntlet | Found a large runed translucent door.
 16112 | Gauntlet | Found a large runed translucent door.
 16115 | Gauntlet | Found a large runed translucent door.
 16115 | Gauntlet | Found a large runed translucent door.
 16116 | Gauntlet | Found a large runed translucent door.
 16116 | Gauntlet | Found a large runed translucent door.
 16119 | Gauntlet | Found a large runed translucent door.
 16119 | Gauntlet | Found a large runed translucent door.
 16119 | Gauntlet | Found a runed translucent door.
 16119 | Gauntlet | Found a runed translucent door.
 16120 | Gauntlet | Found a large runed translucent door.
 16121 | Gauntlet | Found a large runed translucent door.
 16130 | Gauntlet | Found a large runed translucent door.
 16130 | Gauntlet | Found a large runed translucent door.
 16131 | Gauntlet | Found a large runed translucent door.
 16132 | Gauntlet | Found a large runed translucent door.
 16134 | Gauntlet | Found a transporter.
 16343 | Gauntlet | Found a transporter.
 16354 | Gauntlet | Found a transporter.
 16393 | Gauntlet | Found a transporter.
 16499 | Gauntlet | Reached XP level 14. HP: 132/132 MP: 13/13
 16506 | Gauntlet | Identified the +2 pair of gloves of Hetou {rElec Regen+
                  | Str-3 SInv}
 16566 | Gauntlet | Identified the +0 pair of boots of Qallao {rC+ Int+4}
 16566 | Gauntlet | Identified the +3 fire dragon scales "Zetumih" {+Inv rF++
                  | rC- rCorr Int+5 Dex-2}
 16662 | Lair:5   | Received a gift from Trog
 17117 | Lair:5   | Found a runed translucent gate.
 17117 | Lair:5   | Found a runed translucent gate.
 17117 | Lair:5   | Found a runed translucent gate.
 17117 | Lair:5   | Noticed vatarom's ghost (journeyman DrCj)
 17845 | Lair:5   | Killed vatarom's ghost
 17908 | Lair:5   | Found a runed translucent door.
 17971 | Lair:5   | Paralysed by a hornet for 3 turns
 18511 | D:12     | Reached skill level 15 in Axes
 18524 | D:12     | Found a frozen archway.
 18556 | D:12     | Reached skill level 15 in Fighting
 18605 | IceCv    | Entered an ice cave
 19289 | D:12     | Identified the +10 hand axe "Rahagad" {chaos, Drain rF+
                  | Will+ Dex+9}
 19368 | D:12     | Noticed Rupert
 19372 | D:12     | Paralysed by Rupert for 2 turns
 19378 | D:12     | Paralysed by Rupert for 3 turns
 19395 | D:12     | Mangled by Rupert

Illustrated notes

Levels and vault maps discovered:
D:1:      erik_arrival_cave_to_civilisation [erik_arrival_cave_to_temple],
          layout_basic, minmay_pentomino_s2
D:2:      layout_loops_ring, serial_shops, nicolae_lakefront_shop,
          grunt_decor_junction, guppyfry_early_lair_pool
D:3:      layout_rooms, mainiacjoe_overflow_paths,
          nicolae_overflow_two_pavilions, kennysheep_cross_room, st_stairs_10,
          uniq_natasha, uniq_ijyb, uniq_terence
D:4:      layout_cave_pools, nicolae_qazlal_scattered_showers,
          jmf_multi_god_temple, serial_column_ruins, column_ruins_hut_ruined,
          column_ruins_grid_1, column_ruins_corridor_straight,
          column_ruins_open_large, column_ruins_columns_plus, uniq_duvessa
D:5:      minmay_general_purpose_star, layout_basic, dreamdust_gnoll_farm
D:6:      layout_basic, minmay_temple_entry_antechambers
D:7:      layout_loops_ring, lemuel_zombie_altar_yredelemnul,
          gammafunk_ghost_stat_death, enter_bailey_4
D:8:      layout_basic
D:9:      layout_rooms, mainiacjoe_overflow_boulevard, lair_entry_dummy,
          serial_shops, nicolae_shop_temple_entry_statues_fountains, uniq_grum
D:10:     layout_loops_cross, mainiacjoe_overflow_alcove_1, roderic_lattice_a,
          uniq_maggie
D:11:     layout_irregular_city, hiddenorc2_lemuel, kiku_gazebo_pond_becter
D:12:     layout_roguey, portal_ice_cave_entry_animals_and_master, uniq_rupert
Lair:1:   layout_roguey, beast_lair_carwin_7
Lair:2:   layout_chaotic_city, minmay_swamp_entry_eels, serial_rivers,
          chequers_serial_rivers_micro_a, chequers_serial_rivers_small_3,
          chequers_serial_rivers_small_a, chequers_serial_rivers_marsh,
          chequers_serial_rivers_small_b, chequers_serial_rivers_room_b,
          basic_altar, nicolae_lair_lil_pond, lemuel_oklob_altar, uniq_erica
Lair:3:   minmay_guarded_unrand_snakebite, layout_hall_layers,
          spider_nest_entry_rubble, st_stairs_4, serial_bayou_pond_d
Lair:4:   layout_gridlike, nicolae_slime_entry_field_trip, serial_bayou_pond_d,
          infiniplex_staircase_pool
Lair:5:   wormcave, layout_cave_pods, guppyfry_lair_end_dragon,
          gauntlet_entry_generic, gammafunk_ghost_necromancy, grunt_megastairs_2

Skill      XL: |  1  2  3  4  5  6  7  8  9 10 11 12 13 14 |
---------------+-------------------------------------------+-----
Fighting       | 4 5 6 7 9 10 12 13 14 15 | 15.1
Axes           | 4 5 6 7 9 10 12 13 14 15 | 15.2
Armour         | 3 4 5 6 7 9 10 11 12 14 | 14.9
Dodging        | 3 4 5 6 8 9 10 11 13 | 13.8
Shields        | 2 7 11 13 14 | 14.9

Action                     |  1- 3 |  4- 6 |  7- 9 | 10-12 | 13-15 || total
---------------------------+-------+-------+-------+-------+-------++-------
  Melee: Hand axe          |    61 |    75 |       |       |       ||   136
         Headbutt          |     5 |    19 |    41 |    95 |   136 ||   296
         War axe           |       |    82 |   213 |   536 |   622 ||  1453
         Punch             |       |       |     3 |     1 |       ||     4
         Spear             |       |       |    58 |       |       ||    58
  Throw: Boomerang         |       |     2 |       |       |     1 ||     3
         Javelin           |       |       |       |       |     1 ||     1
 Invoke: Berserk           |     1 |     1 |     3 |     5 |    14 ||    24
         Trog's Hand       |       |       |     1 |     1 |     4 ||     6
         Brothers in Arms  |       |       |       |       |     1 ||     1
    Use: Scroll            |       |       |     9 |    15 |     2 ||    26
   Stab: Distracted        |       |       |       |       |     1 ||     1
 Armour: Animal skin       |     9 |       |       |       |       ||     9
         Plate armour      |       |    85 |   181 |       |       ||   266
         Chain mail        |       |       |    19 |   248 |   116 ||   383
         Fire dragon scale |       |       |       |       |   117 ||   117
  Dodge: Dodged            |    34 |    72 |   360 |   422 |   314 ||  1202
  Block: Buckler           |       |       |       |    19 |       ||    19
         Kite shield       |       |       |       |   174 |   314 ||   488
